[Event "Germany Countries-chT Youth 2022"]
[Site "Wiesbaden"]
[Date "2022.10.03"]
[Round "6"]
[White "Jeschke, Jan"]
[Black "Schmider, Niklas"]
[Result "1-0"]
[ECO "B90"]
[WhiteElo "2146"]
[BlackElo "2411"]
[Annotator "TA"]
[PlyCount "81"]
[EventDate "2022.09.28"]
[EventType "team-tourn"]
[EventRounds "7"]
[EventCountry "GER"]
[SourceTitle "playchess.com"]
[Source "ChessBase"]
[SourceQuality "1"]
[TimeControl "40/5400+30:1800+30"]

1. e4 c5 2. Nf3 d6 3. d4 cxd4 4. Nxd4 Nf6 5. Nc3 a6 6. f3 e5 7. Nb3 h5 8. Be3 Be6 9. Nd5 {[%emt 0:01:48] B90: Sicilian Najdorf: Unusual White 6th moves, 6 Be3 Ng4 and 6 Be3 e5.} Bxd5 10. exd5 Nbd7 11. Qd2 {[%emt 0:00:52] White is slightly better.} Rc8 12. c4 b6 13. Be2 g6 14. O-O Bg7 15. Rae1 O-O {[%emt 0:04:08] [#]} 16. g4 $146 ({Predecessor:} 16. Kh1 Re8 17. Qd1 a5 18. Bg5 Qc7 19. Nd2 e4 20. Nb1 exf3 21. gxf3 Ne5 22. Na3 {½-½ (69) Bocharov,I (2568)-Dominguez Perez,L (2750) Sochi 2019}) 16... a5 (16... hxg4 $11 17. fxg4 b5) 17. Kh1 (17. g5 $14 Nh7 18. Kh1) 17... Qc7 (17... hxg4 $11 18. fxg4 a4) 18. g5 $16 Nh7 19. Na1 Nc5 20. Nc2 Rfe8 21. Na3 Qd7 22. Nb5 Rcd8 23. Bd1 ({White should try} 23. b3) 23... e4 24. f4 Nd3 25. Bxb6 Rc8 26. b3 {[%emt 0:00:52][%cal Oe1e4] Strongly threatening Rxe4!} Nxe1 27. Rxe1 {[%emt 0:00:09] Threatens to win with a4.} a4 28. Qe3 {[%emt 0:03:52] White is more active.} (28. Rg1 $5 ) 28... axb3 29. Bxb3 f6 $2 {[%emt 0:03:25] [#] A mistake that costs the game.} (29... Kh8 $16 {keeps fighting.}) 30. Nxd6 $1 $18 Qxd6 31. c5 Qd7 32. c6 Qg4 (32... Qf5) 33. d6+ Kh8 34. d7 fxg5 35. fxg5 Rf8 36. dxc8=Q Qxc8 37. Bd5 Re8 38. c7 Re5 39. Bb3 {[%emt 0:03:05] Threatening mate with Rd1. This bishop pair is nice.} Rxg5 40. Rd1 Nf8 41. Qxg5 {Weighted Error Value: White=0.12 (very precise) /Black=0.56} 1-0

[Event "Germany Countries-chT Youth 2022"]
[Site "Wiesbaden"]
[Date "2022.10.03"]
[Round "6"]
[White "Heinrich, John"]
[Black "Haubold, Sebastian Marcel"]
[Result "1-0"]
[ECO "C84"]
[WhiteElo "2139"]
[BlackElo "2034"]
[Annotator "TA"]
[PlyCount "79"]
[EventDate "2022.09.28"]
[EventType "team-tourn"]
[EventRounds "7"]
[EventCountry "GER"]
[SourceTitle "playchess.com"]
[Source "ChessBase"]
[SourceQuality "1"]
[TimeControl "40/5400+30:1800+30"]

1. e4 e5 2. Nf3 Nc6 3. Bb5 a6 4. Ba4 Nf6 5. O-O Be7 6. d3 d6 7. c3 b5 8. Bc2 O-O 9. a4 Bb7 10. Re1 Re8 11. Nbd2 Bf8 12. Nf1 g6 {[%emt 0:04:03] C84: Closed Ruy Lopez: Unusual White 6th moves.} 13. Ng3 Bg7 14. d4 exd4 {[%emt 0:03:08] The position is equal.} 15. cxd4 Nb4 {[%emt 0:05:23] [#]} 16. Bb3 $146 (16. Bb1 $11) ({Predecessor:} 16. d5 Nxc2 17. Qxc2 Qd7 18. Bf4 c6 19. dxc6 Qxc6 20. Qxc6 Bxc6 21. Nd4 Bxe4 22. axb5 axb5 23. Nxb5 Rxa1 24. Rxa1 {½-½ (37) Kobalia,M (2628)-Kovalenko,I (2684) Tallinn 2016}) 16... c5 $1 $15 17. d5 Ng4 (17... Qc7 $15) 18. Re2 (18. Bg5 $11 f6 19. Bd2) 18... Rc8 (18... Ne5 $15 19. Nxe5 Bxe5) 19. Bc2 (19. Bg5 $1 $11 {was preferrable.} Qd7 20. h3) 19... Rc7 (19... Nxc2 $15 20. Rxc2 Nf6 21. axb5 axb5) 20. h3 ({White should try} 20. Bb1 $11) 20... Ne5 21. Ne1 ({Better is} 21. Nxe5 $11 Bxe5 22. Bb1) 21... h5 22. f4 (22. Bb1 $15) 22... Nc4 23. Bd3 (23. Bb1 $17) 23... Nxd3 24. Qxd3 Rce7 $2 (24... Na5 $19 {aiming for ...h4.} 25. Qd1 (25. axb5 $2 c4 $19) 25... c4) 25. Nf3 {[%emt 0:01:59] [#]} (25. axb5 $11 axb5 26. Nf3) 25... h4 $2 ({Black should play} 25... Na5 $1 $17 {Strongly threatening ...c4.} 26. axb5 c4) 26. Nxh4 $14 Bd4+ (26... Nb6 $14) 27. Kh2 $16 Bxd5 28. Nf3 Nxb2 (28... Bxe4 $16 29. Rxe4 (29. Nxe4 d5 $11) 29... Rxe4) 29. Rxb2 $18 (29. Bxb2 Bc4 30. Qc2 Bxb2 31. Qxb2 Bxe2 32. Qxe2 c4) 29... Bc4 (29... Bxe4 $142 30. Nxe4 Rxe4) 30. Qd2 Bxb2 (30... Bg7 {is a better defense.} 31. axb5 axb5) 31. Bxb2 Rb7 (31... b4 $2 32. Bf6 d5 33. Ne5) 32. Qc3 {[%emt 0:00:33][%csl Gb2][%cal Rc3g7] [#]} f6 33. axb5 axb5 34. f5 {[%emt 0:01:03][%cal Oa1a8] And now Ra8! would win.} Bf7 35. Qe3 {[%emt 0:01:56] Black must now prevent Qh6.} Kh7 {[%emt 0:05:27] Inhibits Qh6+.} 36. Qf4 g5 37. Qg4 Rg8 38. Nh5 Bxh5 39. Qxh5+ Kg7 40. Nxg5 {[%emt 0:00:11] Weighted Error Value: White=0.52/Black=0.83} 1-0

[Event "Germany Countries-chT Youth 2022"]
[Site "Wiesbaden"]
[Date "2022.10.03"]
[Round "6"]
[White "Gluma, Christian"]
[Black "Bosselmann, Tom Linus"]
[Result "1-0"]
[ECO "B76"]
[WhiteElo "2134"]
[BlackElo "2061"]
[Annotator "TA"]
[PlyCount "119"]
[EventDate "2022.09.28"]
[EventType "team-tourn"]
[EventRounds "7"]
[EventCountry "GER"]
[SourceTitle "playchess.com"]
[Source "ChessBase"]
[SourceQuality "1"]
[TimeControl "40/5400+30:1800+30"]

1. e4 c5 2. Nf3 d6 3. d4 cxd4 4. Nxd4 Nf6 5. Nc3 g6 6. Be3 Bg7 7. f3 O-O 8. Qd2 Nc6 9. O-O-O d5 10. Qe1 e5 11. Nxc6 bxc6 12. exd5 Nxd5 13. Bc4 Be6 14. Kb1 {[%emt 0:02:00] B76: Sicilian Dragon: Yugoslav Attack, 9 g4 and 9 0-0-0.} Rb8 15. Bb3 Qc7 16. Bc5 {[%emt 0:04:48] White is slightly better.} ({But not} 16. Nxd5 cxd5 17. Qe2 Rfc8 $17) 16... Rfd8 17. Ne4 a5 18. a4 {[%emt 0:08:26] [#]} (18. g4 $14) 18... h6 {[%emt 0:01:28] [#]} (18... Rxb3 $1 $11 19. cxb3 f5) 19. Ba3 $146 ({Predecessor:} 19. h4 f5 20. Nc3 Nf4 21. Rxd8+ Rxd8 22. g3 Bxb3 23. gxf4 Bf7 24. fxe5 Bxe5 25. Bb6 Qxb6 26. Qxe5 {1-0 (42) Kushagra,M (2351)-Horak,M (2331) Chess.com INT 2020}) 19... Rxb3 20. cxb3 f5 21. Nc5 Bf7 22. g4 Nf4 (22... Qb6 $16) 23. gxf5 gxf5 24. Qh4 Rxd1+ (24... Rd5 $16 {might work better.} 25. Qf2 Kh8) 25. Rxd1 $18 Bd5 26. Ka2 (26. Qe1 $18) 26... Kh7 27. Qf2 {[%emt 0:06:56] Prevents Ne2.} Qf7 28. Qe3 Ne6 (28... Qa7 $16 {was called for.}) 29. Nxe6 Qxe6 30. Bc5 Qf6 31. Rd2 Qh4 32. Ka1 f4 {[%emt 0:00:54] [#]} (32... Qh5 $142 33. Ka2 Qh4) 33. Qd3+ $1 Kh8 34. Rf2 Qh3 35. Qd1 Qe6 36. Ka2 e4 37. fxe4 Qxe4 38. Ka1 f3 39. Rf1 Qe5 (39... Qf4 $16 40. Rg1 Be5) 40. Qc2 Be4 41. Qf2 Qd5 {[%emt 0:07:10] Against Rd1} 42. Ka2 Qd3 {[%emt 0:01:16] [#] ( -> ...Bd5)} 43. Rc1 $1 Be5 (43... Kg8 $16 44. Bb6 Bd5) 44. h3 Bd5 45. Qc2 Qxc2 46. Rxc2 {[%emt 0:00:00][%mdl 4096] Endgame Strongly threatening Rc1. KRB-KB} h5 $2 {[%emt 0:02:09] A mistake that costs the game.} (46... Bg3 $16 47. Rc1 f2) 47. Ka3 Bg3 48. b4 axb4+ 49. Kxb4 Be6 50. h4 Be1+ 51. Ka3 Bf5 52. Rc1 Bg3 53. Rf1 Bxh4 54. Rxf3 Bg4 55. Rf8+ Kg7 56. a5 {[%emt 0:00:30][%cal Ba4a5,Ba5a6,Ba6a7][%mdl 32] a6 would kill now.} Be2 57. Ra8 {[%emt 0:00:40] And now a6 would win.} Bg3 58. a6 {[%emt 0:00:31] Black must now prevent a7.} h4 59. a7 h3 60. Bd4+ {[%emt 0:00:15] Weighted Error Value: White=0.18 (very precise) /Black=0.43} 1-0

[Event "Germany Countries-chT Youth 2022"]
[Site "Wiesbaden"]
[Date "2022.10.03"]
[Round "6"]
[White "Nied, Pascal"]
[Black "Chassard, Cedric"]
[Result "1-0"]
[ECO "B90"]
[WhiteElo "2131"]
[BlackElo "2160"]
[Annotator "TA"]
[PlyCount "67"]
[EventDate "2022.09.28"]
[EventType "team-tourn"]
[EventRounds "7"]
[EventCountry "GER"]
[SourceTitle "playchess.com"]
[Source "ChessBase"]
[SourceQuality "1"]
[TimeControl "40/5400+30:1800+30"]

1. e4 c5 2. Nf3 d6 3. d4 cxd4 4. Nxd4 Nf6 5. Nc3 a6 6. Be3 e5 7. Nb3 Be6 8. f3 h5 9. Nd5 {[%emt 0:00:07] B90: Sicilian Najdorf: Unusual White 6th moves, 6 Be3 Ng4 and 6 Be3 e5.} Bxd5 10. exd5 g6 11. Qd2 {[%emt 0:00:08] The position is equal.} Bg7 12. O-O-O Nbd7 13. Kb1 Qc7 14. Rg1 Rc8 15. Rc1 e4 16. h3 $1 Ne5 17. f4 Nc4 18. Bxc4 Qxc4 19. Rgd1 O-O 20. Na5 Qc7 21. c4 {[%emt 0:00:29] [#]} Nd7 $146 {[%emt 0:05:02] Against c5} (21... Rfe8 $14) ({Predecessor:} 21... Rfd8 22. Rc2 Nd7 23. Nb3 Re8 24. g4 h4 25. Nd4 Nc5 26. f5 Be5 27. Rf1 Qe7 {1-0 (62) Babic,D (2165)-Malashenkov,A (2151) ICCF email 2013}) 22. b4 (22. g4 $16) 22... b6 (22... Nf6 $14) 23. Nc6 $16 Nb8 24. Nd4 {[%emt 0:22:46] White has more active pieces. The black rooks are badly placed.} (24. b5 {looks sharper.} Qd7 25. a4 Rfe8 26. Rc2) 24... Nd7 {[%emt 0:13:38] [#]} ({Better is} 24... Qb7 $14) 25. g4 $1 {[%emt 0:04:27] aiming for gxh5.} hxg4 (25... h4 $16 {was called for.}) 26. hxg4 $18 {[%emt 0:01:06] Hoping for g5.} a5 $2 (26... Nf6) 27. Nc6 {[%emt 0:12:28] Threatening mate with Ne7+.} Rfe8 {[%emt 0:02:34] Inhibits Ne7+.} 28. Bd4 e3 29. Qh2 ({Don't do} 29. Bxe3 $6 Nb8 $16) 29... Nf6 $2 {[%emt 0:08:25] [#]} (29... Bxd4 30. Nxd4 Qd8) 30. Qb2 ({Weaker is} 30. Rh1 Qd7 $16) 30... e2 (30... Nxg4 $142 31. Bxg7 Qd7) 31. Re1 Qd7 32. Bxf6 Bxf6 33. Qxf6 Rxc6 34. Rh1 {[%emt 0:00:37] Weighted Error Value: White=0.23 (precise) /Black=0.62} 1-0

[Event "Germany Countries-chT Youth 2022"]
[Site "Wiesbaden"]
[Date "2022.10.03"]
[Round "6"]
[White "Sommer, Justus"]
[Black "Leonard, Timo"]
[Result "0-1"]
[ECO "B52"]
[WhiteElo "2122"]
[BlackElo "2089"]
[Annotator "TA"]
[PlyCount "130"]
[EventDate "2022.09.28"]
[EventType "team-tourn"]
[EventRounds "7"]
[EventCountry "GER"]
[SourceTitle "playchess.com"]
[Source "ChessBase"]
[SourceQuality "1"]
[TimeControl "40/5400+30:1800+30"]

1. e4 c5 2. Nf3 d6 3. Bb5+ Bd7 4. Bxd7+ Nxd7 5. O-O Ngf6 6. Re1 e6 7. d4 cxd4 8. Nxd4 Be7 9. c4 O-O 10. Nc3 a6 {[%emt 0:02:07] B52: Sicilian: Moscow Variation with 3...Bd7.} 11. b3 Qa5 {[%emt 0:06:42] [#]} 12. Bd2 $146 ({Predecessor:} 12. Bb2 Rac8 13. Qd2 Rfe8 14. Rad1 Qh5 15. h3 Bf8 16. Qe2 Qa5 17. Qd2 Qh5 18. Qe2 {½-½ (63) Harika,D (2515)-Jumabayev,R (2654) Chess.com INT 2020}) 12... Qc7 {[%emt 0:08:31] White has an edge.} 13. a4 Rfe8 14. Be3 Ne5 15. f3 (15. h3 $11) 15... Qa5 (15... d5 $1 $15 16. f4 (16. exd5 Bb4 $15) 16... Ned7) 16. Qd2 $11 Bd8 17. Rab1 Rc8 18. Red1 Ng6 19. Bf2 Bb6 20. Nce2 Qc5 21. b4 Qc7 (21... Qxc4 $2 22. Rbc1 $18) 22. Rbc1 Ne5 23. a5 Ba7 24. b5 {[%emt 0:01:22] Hoping for b6.} (24. Kh1 $5 ) 24... Qe7 25. b6 Bb8 26. Qb4 Nfd7 27. Nb3 Nc6 28. Qa3 Qg5 29. c5 d5 (29... Nxc5 $11 {might be stronger.} 30. Bxc5 (30. Nxc5 dxc5 31. Be3 Qh5 $11) 30... dxc5) 30. Qb2 ({Much worse is} 30. g3 Nde5 31. Nbd4 Nxd4 32. Nxd4 Nc4 $11) (30. Nbd4 $14) 30... Nf6 31. exd5 Nxd5 {[%emt 0:00:25] next ...Ne3 is good for Black.} 32. Ng3 (32. h4 $11 {remains equal.} Qg6 33. Qd2) 32... f5 (32... Bf4 $17 33. Rb1 Ne5) 33. Qe2 (33. Nd4 $15) 33... h5 $17 {[%emt 0:00:49][%cal Bh7h5,Bh5h4][%mdl 32] White must now prevent ...h4. Black is more active.} 34. Qc4 (34. Rc4 $17 {is a better defense.}) 34... h4 $19 35. Nf1 ({Wrong is} 35. Rxd5 $2 hxg3 36. hxg3 exd5 $19) 35... Ne5 $1 36. Qc2 Nxf3+ 37. Kh1 Ne5 $40 {[%emt 0:00:50][%cal Oh4h3,Bf3e5,Be5g4,Bg4f2][%mdl 160] Black wants a kill.} 38. Nd4 Nf4 (38... Nb4 $19 39. Qe2 Nbd3 $1 ) 39. Be3 $11 {[%emt 0:00:16][%mdl 1024] White has compensation.} Ng4 40. Nf3 $2 {[%emt 0:00:22] [#]} (40. c6 $1 $14 {keeps the upper hand.} bxc6 41. Nxc6) 40... Qe7 $2 (40... Qh5 $1 $19 {And now ...h3 would win.} 41. Nd4 Nd5) 41. Nd4 $2 ({Much weaker is} 41. h3 Nxe3 42. Nxe3 Nh5 $17) ({White should play} 41. Qa4 $1 $15 Nd5 42. Bg5) 41... Nd5 $19 42. Qb3 (42. Bg1) 42... Ndxe3 43. Nxe3 Nf2+ 44. Kg1 Nxd1 45. Rxd1 Rxc5 46. Ndxf5 Qf7 47. Nxh4 Qf6 48. Qb4 (48. Nf3 {keeps fighting.} Rxa5 49. Nc4) 48... Qc3 {[%emt 0:02:44] Black is clearly winning.} 49. Qxc3 Rxc3 50. Ng4 Rc4 51. h3 Bg3 52. Nf3 Rec8 53. Kf1 Rc1 54. Rxc1 Rxc1+ {[%emt 0:00:04][%mdl 4096] Endgame KRB-KNN} 55. Ke2 Ra1 56. Ne3 Rxa5 57. Nd4 Ra2+ 58. Kd3 Bf2 59. Nc4 Bxd4 60. Kxd4 {[%emt 0:00:03] KR-KN} Kf8 61. g4 Ke7 {[%emt 0:00:16] aiming for ...Ra4.} 62. h4 Rg2 63. Ne3 Rb2 64. Nc4 Rb5 {[%emt 0:00:16] ...a5 is the strong threat.} 65. h5 Kf6 {[%emt 0:00:29] Weighted Error Value: White=0.68/Black=0.28 (precise)} 0-1

[Event "Germany Countries-chT Youth 2022"]
[Site "Wiesbaden"]
[Date "2022.10.03"]
[Round "6"]
[White "Lange, Jannis"]
[Black "Koll, Linus"]
[Result "1/2-1/2"]
[ECO "B52"]
[WhiteElo "2085"]
[BlackElo "2060"]
[Annotator "TA"]
[PlyCount "86"]
[EventDate "2022.09.28"]
[EventType "team-tourn"]
[EventRounds "7"]
[EventCountry "GER"]
[SourceTitle "playchess.com"]
[Source "ChessBase"]
[SourceQuality "1"]
[TimeControl "40/5400+30:1800+30"]

1. e4 c5 2. Nf3 d6 3. Bb5+ Bd7 4. Bxd7+ Qxd7 5. c4 Nc6 6. d4 cxd4 7. Nxd4 g6 8. Nc3 Bg7 9. Be3 Nf6 10. f3 O-O 11. O-O Rfd8 12. Qd2 {[%emt 0:01:00] B52: Sicilian: Moscow Variation with 3...Bd7.} Nxd4 13. Bxd4 ({Of course not} 13. Qxd4 Ng4 $1 14. Qd2 Nxe3 15. Qxe3 Qc6 $15) 13... Qc6 14. b3 {[%emt 0:00:26] White is slightly better.} e6 15. Rac1 {[%emt 0:03:31][%cal Ba1c1,Bc1c2,Bc2d2,Bd2d4][%mdl 32] [#]} Rd7 $146 ({Predecessor:} 15... b6 16. Rfd1 Rd7 17. a4 Rad8 18. b4 h5 19. b5 Qc7 20. Na2 Ne8 21. Be3 a5 22. bxa6 {1-0 (67) Induwara,T (1359)-Janukshan,B (1096) Waskaduwa 2021}) 16. Rfd1 {[%emt 0:00:36] White has more active pieces. The black rooks are badly placed.} Rad8 17. Qf2 b6 18. Rc2 Ne8 19. Rcd2 Bxd4 20. Rxd4 Nc7 21. Qd2 b5 22. Nxb5 Nxb5 23. cxb5 Qxb5 24. Qb4 (24. h3 {is more complex.} Qc5 25. Kh2 d5 26. f4) 24... Qxb4 25. Rxb4 $11 {[%emt 0:01:06][%mdl 4096] Endgame KRR-KRR} Rc8 26. Rd2 Kf8 27. Rbd4 Ke7 28. Kf2 f6 29. Ra4 Rc6 30. Ra5 Rdc7 31. Kg3 Rc5 32. Ra6 R5c6 33. Ra4 h5 34. b4 f5 35. b5 Rb6 36. Ra5 a6 37. a4 Rcb7 38. Rb2 (38. exf5 {with more complications.} gxf5 39. Rxa6 Rxa6 40. bxa6 Ra7 41. Kh4) 38... axb5 39. Raxb5 Rxb5 40. axb5 fxe4 41. fxe4 {[%emt 0:30:37] And now Kf4 would win.} Rb6 (41... Kf6 $11 {keeps the balance.}) 42. Kf4 $16 Kf6 {[%emt 0:00:26] [#]} 43. h4 {[%emt 0:02:13] Inhibits g5+.} (43. e5+ $1 $18 dxe5+ 44. Ke4) 43... e5+ {Weighted Error Value: White=0.08 (flawless) /Black=0.12 (very precise)} 1/2-1/2

[Event "Germany Countries-chT Youth 2022"]
[Site "Wiesbaden"]
[Date "2022.10.03"]
[Round "6"]
[White "Pikalow, Michael"]
[Black "Hassemeier, Mika"]
[Result "0-1"]
[ECO "B07"]
[WhiteElo "2073"]
[BlackElo "2087"]
[Annotator "TA"]
[PlyCount "88"]
[EventDate "2022.09.28"]
[EventType "team-tourn"]
[EventRounds "7"]
[EventCountry "GER"]
[SourceTitle "playchess.com"]
[Source "ChessBase"]
[SourceQuality "1"]
[TimeControl "40/5400+30:1800+30"]

1. e4 d6 2. d4 Nf6 3. Nc3 e5 4. dxe5 dxe5 5. Qxd8+ Kxd8 6. Bc4 Ke8 {[%emt 0:00:08] now supersedes 6...Be6. B07: Pirc Defence: Miscellaneous Systems.} 7. f3 c6 8. Bg5 Bc5 {[%emt 0:07:42] White has an edge.} 9. Nge2 b5 (9... Nfd7 $14) 10. Bxf6 $16 gxf6 {[%emt 0:04:04] [#]} 11. Nxb5 Na6 {[%emt 0:00:14] Prevents Nc7+.} (11... cxb5 $2 12. Bd5 $18) 12. Nbc3 {[%emt 0:01:09] [#]} Nc7 $146 ({Predecessor:} 12... Rg8 13. g4 Nb4 14. Na4 Bf8 15. c3 Na6 16. b3 Nc5 17. Kf2 h5 18. h4 Ne6 19. Bxe6 fxe6 {1-0 (65) Fernandes Filho,B (2083)-Reis,P (2376) Recife 2010}) 13. O-O-O Ke7 14. Rd3 Ne6 15. Rhd1 h5 16. Na4 Bf2 17. Kb1 h4 18. Rf1 Bb6 19. Nxb6 axb6 20. Rfd1 Ra7 21. b4 Bd7 22. a3 Rha8 23. Kb2 b5 24. Ba2 c5 {[%emt 0:01:18] [#]} (24... Rg8 $142) 25. Bd5 ({Better is} 25. Nc3 $1 $16 {[%cal Rc3d5] Hoping for Nd5+.} c4 26. R3d2) 25... Rc8 26. c3 (26. Nc3 $16) 26... c4 $14 27. Re3 Nc7 {[%emt 0:07:15] [#]} 28. f4 (28. Bxf7 $1 $14 Rca8 29. Bd5 Nxd5 30. Rxd5) 28... Bg4 {[%emt 0:00:57] ...exf4 is the strong threat.} (28... Rg8 $5 29. g3 hxg3 30. hxg3 (30. Rxg3 Rxg3 31. Nxg3 exf4 $11) 30... Bg4 $15) 29. h3 $2 {[%emt 0:00:43][%mdl 8192] White does not recover from this.} (29. Rf1 $11) 29... exf4 $19 30. hxg4 fxe3 31. Nd4 {[%emt 0:00:17] aiming for Nc6+.} Nxd5 32. exd5 {[%emt 0:00:02][%mdl 4096] Endgame KRR-KRN} Rb7 $2 (32... Kd7 33. Re1 Rg8 34. Rxe3 Rxg4) 33. Nf5+ (33. Re1 $142) 33... Kd7 34. Nxe3 (34. a4 {was necessary.} bxa4 35. Nxe3) 34... Re8 35. Nf5 (35. Nc2 $142 Re2 36. Rh1) 35... Re2+ 36. Kb1 Ra7 37. Nd4 Rxg2 38. Nxb5 Ra8 39. Rf1 Re8 {[%emt 0:03:02] ( -> ...h3)} 40. a4 h3 {[%emt 0:00:20] Black mates.} 41. Nd4 h2 42. Nf3 Re3 43. Nxh2 Rxh2 44. a5 Rxc3 {[%emt 0:01:40] Weighted Error Value: White=0.96/Black=0.19 (very precise)} 0-1

[Event "Germany Countries-chT Youth 2022"]
[Site "Wiesbaden"]
[Date "2022.10.03"]
[Round "6"]
[White "Falke, Ornella"]
[Black "Besou, Hussain"]
[Result "1/2-1/2"]
[ECO "E01"]
[WhiteElo "1977"]
[BlackElo "2150"]
[Annotator "TA"]
[PlyCount "79"]
[EventDate "2022.09.28"]
[EventType "team-tourn"]
[EventRounds "7"]
[EventCountry "GER"]
[SourceTitle "playchess.com"]
[Source "ChessBase"]
[SourceQuality "1"]
[TimeControl "40/5400+30:1800+30"]

1. d4 Nf6 2. c4 e6 3. g3 d5 4. Bg2 Bb4+ 5. Nd2 O-O 6. Ngf3 b6 7. a3 Be7 8. O-O a5 9. Qc2 {[%emt 0:02:04] E11: Bogo-Indian.} Bb7 10. Ne5 c5 {[%emt 0:19:00] [#]} 11. Rd1 $146 {[%emt 0:11:41] The position is equal.} ({Predecessor:} 11. cxd5 Bxd5 12. e4 Bb7 13. dxc5 Bxc5 14. Nb3 Be7 15. Be3 a4 16. Nd4 Bc5 17. Rfd1 {½-½ (32) Bai,J (2566)-Narayanan,S (2565) Bhubaneswar 2018}) 11... cxd4 12. Ndf3 Nbd7 13. Nxd7 Qxd7 14. cxd5 Bxd5 15. Rxd4 Bc5 16. Rd1 Rac8 {[%emt 0:04:49][%cal Oc5f2] aiming for ...Bxf2+!} 17. Qd3 {[%emt 0:01:17][%cal Oe2e4] [#]} Ng4 (17... Qa4 $1 $17 {Strongly threatening ...Bc4.} 18. Bf4 Be4) 18. e3 $1 $15 Qe7 19. h3 {[%emt 0:06:25] [#]} Rfd8 $1 {[%emt 0:00:57] And now ...Bxf3 would win.} 20. Qb5 (20. Qe2 Nf6) 20... Nf6 21. Bd2 Ne4 22. Be1 Nd6 23. Qe2 {[%emt 0:01:23] Hoping for b4.} a4 24. Bc3 Bc4 25. Qe1 ({Don't play} 25. Qc2 Bb3 26. Qe2 Bxd1 27. Rxd1 Ne4 $17) 25... Nb5 26. Rxd8+ Rxd8 27. Ne5 Bd5 28. Nc6 $1 Bxc6 29. Bxc6 Nxc3 30. Qxc3 Qg5 31. Bxa4 h5 32. Rd1 Rxd1+ 33. Bxd1 $14 {[%emt 0:00:01][%mdl 4096] Endgame KQB-KQB} h4 34. g4 Qd5 35. Be2 Bd6 36. Qd4 Qxd4 37. exd4 Bf4 38. a4 Bc1 39. b3 Bb2 40. f4 {[%emt 0:01:26] Weighted Error Value: White=0.10 (very precise) /Black=0.10 (very precise)} (40. d5 $5) 1/2-1/2

[Event "Germany Countries-chT Youth 2022"]
[Site "Wiesbaden"]
[Date "2022.10.03"]
[Round "6"]
[White "Rudolph, Eva"]
[Black "Malinowsky, Levi"]
[Result "1-0"]
[ECO "B90"]
[WhiteElo "1911"]
[BlackElo "1879"]
[Annotator "TA"]
[PlyCount "47"]
[EventDate "2022.09.28"]
[EventType "team-tourn"]
[EventRounds "7"]
[EventCountry "GER"]
[SourceTitle "playchess.com"]
[Source "ChessBase"]
[SourceQuality "1"]
[TimeControl "40/5400+30:1800+30"]

1. e4 c5 2. Nf3 d6 3. d4 cxd4 4. Nxd4 Nf6 5. Nc3 a6 6. a3 e6 {[%emt 0:08:19] B90: Sicilian Najdorf: Unusual White 6th moves, 6 Be3 Ng4 and 6 Be3 e5.} 7. f4 Qc7 8. Bd3 Be7 {[%emt 0:01:16] The position is equal.} 9. O-O O-O 10. Qe2 Nbd7 11. Kh1 (11. g4 $5 ) 11... b5 12. Bd2 ({Better is} 12. e5 $14 dxe5 13. fxe5 Nxe5 14. Bf4) 12... Re8 ({Black should try} 12... Bb7 $11) 13. Rae1 $14 Bb7 14. e5 Nd5 {[%emt 0:03:08] [#]} (14... dxe5 $2 15. fxe5 Qxe5 16. Qxe5 $18) 15. Qg4 $146 ({Predecessor:} 15. f5 Nxe5 16. fxe6 Bf6 17. Bxh7+ Kf8 18. Nxd5 Bxd5 19. Be4 Bc4 20. Qh5 Bxf1 21. Bxa8 {1-0 (29) Lubbe,M (2332)-Wenzel,B (2084) Lueneburg 2018}) 15... Nxc3 (15... Bf8 $1 $14) 16. Bxc3 ({And not} 16. exd6 Qxd6 17. Bxc3 Bf6 $11) (16. f5 $142 Nxe5 17. Rxe5 dxe5 18. fxe6) 16... Bf8 $16 17. Nf3 $40 {[%emt 0:16:18][%mdl 128] White has some attack. White is much more active.} (17. Qh3 $1 $16 g6 18. exd6 Qxd6 19. f5 exf5 20. Nxf5) 17... g6 (17... Bxf3 $14 18. Rxf3 (18. Qxf3 g6 $14) 18... g6) 18. Ng5 $1 Bg7 $2 {[%emt 0:04:27] [#]} (18... Nc5 $16) 19. Re3 $2 (19. Nxf7 $1 $18 {[%mdl 512] and the rest is easy.} dxe5 20. fxe5) 19... Nc5 $2 (19... Nf8 $16 {is tougher.}) 20. Rh3 $18 h5 {[%emt 0:03:15] [#]} 21. Rxh5 Nxd3 (21... gxh5 $2 22. Qxh5 Nxd3 23. exd6 Bxg2+ 24. Kxg2 Qb7+ 25. Kg3 $18) (21... d5 22. Rh7) 22. Rh7 {[%emt 0:01:24] Black must now prevent exd6.} Nxb2 (22... d5 $142 23. cxd3 d4) 23. Qh3 {[%emt 0:02:35] Rxg7+ would kill now.} ({Not} 23. Bxb2 Qxc2 24. Qh3 Bxg2+ 25. Qxg2 Qxg2+ 26. Kxg2 Rec8 $16) 23... Na4 {[%emt 0:01:55] [#]} 24. Rxg7+ $1 {[%emt 0:01:06][%mdl 576] Clearance.  Weighted Error Value: White=0.30/Black=0.80} 1-0